AoeStats
← MythicWizard478

Arabia

510245596Analyzed
1v1 RM · 10h ago on Sep 30, 2026· 41m 59s· 2 players
Game mode
Random Map
Map size
Tiny (2 player)
Population
200
Speed
Normal
Resources
Standard
Victory
Conquest
Starting age
Dark Age
Ending age
Imperial Age
RankedLock teamsTeams togetherTeam positionsShared explorationLock speedFull tech treeHidden civsTurbo modeCheats
Victory
Defeat
🇺🇸 Britons · United States
661
+18
🇨🇴 Mongols · Colombia
697
-18
MythicWizard478
7:41 Loom
10:49 Feudal Age
11:52 Double-Bit Axe
14:49 Fletching
15:00 Padded Archer Armor
15:12 Horse Collar
21:51 Castle Age
22:59 Squires
24:28 Wheelbarrow
23:38 Town Watch
24:48 Gold Mining
25:32 Stone Mining
26:27 Bow Saw
27:28 Heavy Plow
29:12 Crossbowman
31:17 Leather Archer Armor
31:27 Elite Skirmisher
32:08 Bodkin Arrow
32:35 Pikeman
37:52 Gold Shaft Mining
37:35 Scale Mail Armor
37:46 Forging
40:14 Imperial Age
40:29 Ballistics
41:17 Halberdier
MataCerdoz
7:30 Loom
11:43 Feudal Age
11:45 Man-at-Arms
12:31 Double-Bit Axe
12:29 Horse Collar
14:59 Gold Mining
22:23 Padded Archer Armor
22:14 Fletching
24:57 Wheelbarrow
30:02 Castle Age
28:42 Scale Mail Armor
29:16 Town Watch
31:19 Bow Saw
31:30 Heavy Plow
34:40 Scale Barding Armor
34:07 Elite Skirmisher
39:07 Husbandry
39:25 Forging
42:14 Bloodlines
Connection lost

Rejoining the realm…

Still unreachable

The connection could not be restored.

Session expired

The server has moved on; the page needs a fresh start.